 Dungeon Crawl Stone Soup version 0.15.1-4-gac8487e (webtiles) character file.

1444 Johnny the Chiller (level 8, 0/66 HPs)
             Began as a Demigod Ice Elementalist on Oct 14, 2014.
             Slain by an orc warrior
             ... wielding a +0 trident
              (10 damage)
             ... on Level 7 of the Dungeon.
             The game lasted 00:17:23 (7099 turns).

Johnny the Chiller (Demigod Ice Elementalist)       Turns: 7099, Time: 00:17:24

HP   0/66        AC  9     Str 11      XL: 8   Next: 22%
MP  21/30        EV  9     Int 23      God:
Gold 283         SH  0     Dex 18      Spells:  3 memorised,  6 levels left

rFire  . . .     SeeInvis .     M - +1 dagger (venom)
rCold  . . .     Clarity  .     J - +0 ring mail
rNeg   . . .     rCorr    .     (no shield)
rPois  .         rRot     .     y - +0 helmet
rElec  .         Spirit   .     E - +2 cloak {+Inv}
SustAb .         Warding  .     (no gloves)
rMut   .         Stasis   .     (no boots)
Gourm  .                        (no amulet)
MR     +....                    x - ring of protection from magic
                                C - ring of magical power

@: somewhat resistant to hostile enchantments, unstealthy
A: no striking features
a: Evoke Invisibility


You were on level 7 of the Dungeon.
You were hungry.

You visited 1 branch of the dungeon, and saw 7 of its levels.

You collected 385 gold pieces.
You spent 102 gold pieces at shops.

Inventory:

Hand weapons
 M - a +1 dagger of venom (weapon)
Armour
 y - a +0 helmet (worn)
 E - a +2 cloak of darkness (worn)
 J - a +0 ring mail (worn)
Magical devices
 r - a wand of hasting (1)
 A - a wand of teleportation (0)
 I - a wand of slowing (6)
Comestibles
 c - 2 bread rations
 k - a beef jerky
 o - 2 slices of pizza
 q - a meat ration
 v - 3 rotting chunks of centaur flesh
 O - a chunk of hippogriff flesh
 P - a chunk of hound flesh
Scrolls
 e - 3 scrolls of teleportation
 g - 4 scrolls of remove curse
 h - 2 scrolls of enchant weapon
 m - a scroll of fog
 u - a scroll of fear
 z - 2 scrolls of magic mapping {unknown}
 F - a scroll of random uselessness {unknown}
 G - a scroll of recharging {unknown}
Jewellery
 d - a +3 ring of strength
 n - an uncursed amulet of stasis
 x - a ring of protection from magic (right hand)
 C - a ring of magical power (left hand)
Potions
 a - a potion of cancellation
 f - a potion of might {unknown}
 i - 4 potions of brilliance
 j - a potion of magic {unknown}
 l - a potion of resistance {unknown}
 p - 2 potions of curing
 t - a potion of agility {unknown}
 B - 2 potions of restore abilities {unknown}
 D - 2 potions of flight
 K - a potion of haste
 N - a potion of heal wounds {unknown}
Books
 b - a book of Frost

   Spells                             Type                      Level
   *Freeze                            Ice                          1
   Throw Frost                        Conjuration/Ice              2
   Ozocubu's Armour                   Charms/Ice                   3
   *Throw Icicle                      Conjuration/Ice              4
   *Summon Ice Beast                  Ice/Summoning                4
   Condensation Shield                Ice                          4
 H - a book of Beasts

   Spells                             Type                      Level
   Summon Butterflies                 Summoning                    1
   Call Canine Familiar               Summoning                    3
   *Summon Ice Beast                  Ice/Summoning                4
   Summon Mana Viper                  Hexes/Summoning              5
   Monstrous Menagerie                Summoning                    6
   Summon Hydra                       Summoning                    7


   Skills:
 * Level 3.7 Fighting
 + Level 1.5 Armour
 + Level 3.3 Dodging
 + Level 3.6 Stealth
 * Level 4.3 Spellcasting
 * Level 1.5 Conjurations
 * Level 3.5 Summonings
 * Level 4.9 Ice Magic
 + Level 1.1 Evocations


You had 6 spell levels left.
You knew the following spells:

 Your Spells              Type           Power        Failure   Level  Hunger
a - Freeze                Ice            ####         1%          1    None
b - Summon Ice Beast      Ice/Summ       ###.....     30%         4    ####...
d - Throw Icicle          Conj/Ice       ###.....     47%         4    ####...


Dungeon Overview and Level Annotations

Branches:
Dungeon (7/15)             Temple (0/1) D:4

Shops:
D:6 *

Annotations:
D:3 Terence


Message History

Gang up on whom?
Press: ? - help, Dir - move target cursor, f - orc warrior
Aim: an orc warrior, wielding a trident and wearing a plate armour (heavily wounded)
Okay, then.
Your ice beast closely misses the orc.
Your ice beast barely misses the orc.
The orc priest hits your ice beast with a short sword.
Your ice beast closely misses the orc.
Your ice beast hits the orc but does no damage.
Something closely misses your ice beast.
Your ice beast closely misses the orc.
The orc warrior hits you from afar with a trident!
* * * LOW HITPOINT WARNING * * *
Your ice beast hits the orc but does no damage.
Your ice beast hits the orc.
Your ice beast freezes the orc!
The orc dies!
Something hits your ice beast but does no damage.
Your magical contamination has completely faded away.
There is a stone staircase leading up here.
The orc warrior hits you from afar with a trident!
You die...

### ... #. ...... #....
#. #...........#####)
.. ............#.....
.... #.......# #......
....###.......# #......
#..........#....#......
#..........#....#......
#.....@....+....#.....#
#..........#...##.....#
#.....o....#...##.oYY.#
####....####...##.....#
+..(........##.....#
#.......)Y..##......
#..........###......
#..........Y.).#....
#..............#....


You could see an orc warrior.

Vanquished Creatures
  A water moccasin (D:6)
  An ice beast (D:5)
  A giant frog (D:6)
  A gnoll sergeant (D:5)
  3 crimson imps
  A jelly (D:7)
  2 giant frog skeletons
  2 iguanas
  2 worker ants
  3 orc wizards
  4 orc priests
  2 gnolls (D:5)
  9 adders
  A shadow imp (D:6)
  4 worms
  2 inept item mimics (D:5)
  3 giant geckos
  An ooze (D:3)
  22 orcs
  12 bats
  A bat skeleton (D:6)
  7 giant cockroaches
  6 goblins
  11 hobgoblins
  3 jackals (D:2)
  3 ball pythons
  A giant gecko skeleton (D:4)
  3 giant newts
  A hobgoblin zombie (D:6)
  4 kobolds
  A kobold skeleton (D:6)
  A kobold zombie (D:5)
  An orc skeleton (D:6)
  2 quokkas
  12 rats
  A rat skeleton (D:4)
135 creatures vanquished.

Vanquished Creatures (collateral kills)
  A hippogriff (D:7)
  An ice beast (D:6)
  A centaur (D:7)
  2 ogres
  2 jellies (D:5)
  A goliath beetle (D:7)
  A quasit (D:5)
  A hound (D:7)
  An orc priest (D:7)
  3 orc wizards (D:6)
  A worker ant (D:5)
  An adder (D:6)
  5 gnolls
  A white imp (D:5)
  2 orcs
  3 jackals (D:6)
  A hobgoblin zombie (D:7)
28 creatures vanquished.

Vanquished Creatures (others)
  4 ice beasts
4 creatures vanquished.

Grand Total: 167 creatures vanquished

Notes
Turn   | Place    | Note
--------------------------------------------------------------
     0 | D:1      | Johnny, the Demigod Ice Elementalist, began the quest for the Orb.
     0 | D:1      | Reached XP level 1. HP: 14/14 MP: 3/3
   426 | D:1      | Reached XP level 2. HP: 14/22 MP: 4/4
   641 | D:1      | Reached skill level 3 in Ice Magic
  1200 | D:2      | Reached skill level 1 in Fighting
  1200 | D:2      | Reached XP level 3. HP: 14/28 MP: 0/8
  2279 | D:3      | Noticed Terence
  2399 | D:3      | Reached XP level 4. HP: 16/35 MP: 8/10
  2421 | D:3      | Learned a level 4 spell: Summon Ice Beast
  3034 | D:4      | Noticed an ogre
  3040 | D:4      | HP: 1/35 [ogre/giant club (9)]
  3080 | D:4      | Killed an ogre
  3080 | D:4      | Reached XP level 5. HP: 17/40 MP: 2/12
  3083 | D:4      | Reached skill level 1 in Summonings
  3318 | D:4      | Reached skill level 1 in Armour
  3334 | D:4      | Found a staircase to the Ecumenical Temple.
  4146 | D:3      | Reached XP level 6. HP: 40/48 MP: 8/15
  4301 | D:4      | Reached skill level 4 in Ice Magic
  4602 | D:5      | Entered Level 5 of the Dungeon
  5287 | D:5      | Reached XP level 7. HP: 15/56 MP: 1/18
  5637 | D:6      | Learned a level 4 spell: Throw Icicle
  6262 | D:6      | Found Schiacwij's Assorted Antiques.
  6271 | D:6      | Bought a fabulously ornate robe for 102 gold pieces
  6284 | D:6      | Identified the +1 robe of the Gate {Int+3} (You bought it in a shop on level 6 of the Dungeon)
  6637 | D:6      | Reached skill level 1 in Conjurations
  6637 | D:6      | Reached XP level 8. HP: 44/63 MP: 20/20
  6902 | D:7      | Reached skill level 1 in Evocations
  7099 | D:7      | Slain by an orc warrior

Action                   |  1- 3 |  4- 6 |  7- 9 || total
-------------------------+-------+-------+-------++-------
Melee: Hand axe          |   149 |   144 |    88 ||   381
       Unarmed           |     1 |       |       ||     1
       Dagger            |       |       |    30 ||    30
 Cast: Freeze            |    32 |   112 |    27 ||   171
       Summon Ice Beast  |       |     6 |    18 ||    24
       Throw Icicle      |       |       |     2 ||     2
Evoke: Wand              |       |     3 |     4 ||     7
  Use: Potion            |       |     4 |       ||     4
       Scroll            |       |       |     8 ||     8
 Stab: Sleeping          |     2 |     1 |     1 ||     4
       Distracted        |       |       |     1 ||     1
  Eat: Chunk             |     5 |     9 |     9 ||    23
       Fruit             |       |     2 |       ||     2
       Beef jerky        |       |       |     1 ||     1
